 Dungeon Crawl Stone Soup version 0.30-a0-586-g23e55c9e0a (webtiles) character file.

Game seed: 13278435964809927454

364 cforsyth the Trooper (level 6, -10/57 HPs)
             Began as a Ghoul Monk on Jan 3, 2023.
             Mangled by an ogre
             ... wielding a +0 giant club
              (21 damage)
             ... on level 5 of the Dungeon.
             The game lasted 00:06:50 (4044 turns).

cforsyth the Trooper (Ghoul Monk)                   Turns: 4044, Time: 00:06:51

Health: -10/57     AC:  9    Str: 17    XL:     6   Next: 67%
Magic:  5/5        EV: 10    Int:  5    God:
Gold:   232        SH:  5    Dex: 11    Spells: 5/5 levels left

rFire   . . .      SeeInvis .      - Unarmed
rCold   + . .      Faith    .    (no shield)
rNeg    + + +      Spirit   .    y - +0 scale mail
rPois   ∞          Reflect  +    x - +0 helmet
rElec   .          Harm     .    (no cloak)
rCorr   .          Rampage  .    w - +0 pair of gloves
Will    .....                    t - +0 pair of boots Stlth
                                 n - amulet of reflection
HPRegen 0.00/turn                (no ring)
MPRegen 0.09/turn                (no ring)

@: inhibited regen
A: claws 1, cold resistance 1, negative energy resistance 3, inhibited
regeneration, torment resistance 2, devour on kill
a: no special abilities


You were on level 5 of the Dungeon.
You visited 2 branches of the dungeon, and saw 6 of its levels.

You collected 232 gold pieces.

Inventory:

Armour
 t - a +0 pair of boots (worn)
 w - a +0 pair of gloves (worn)
 x - a +0 helmet (worn)
 y - a +0 scale mail (worn)
Jewellery
 h - a ring of fire
 j - a +6 ring of intelligence
 n - an amulet of reflection (around neck)
Wands
 m - a wand of flame (25)
 u - a wand of mindburst (15)
 z - a wand of roots (11)
Scrolls
 c - a scroll of poison {unknown}
 d - a scroll of summoning {unknown}
 f - 2 scrolls of teleportation
 i - a scroll of enchant weapon {unknown}
 p - a scroll of magic mapping {unknown}
 q - a scroll of enchant armour {unknown}
 r - 3 scrolls of identify {unknown}
 s - a scroll of fear
 v - a scroll of torment {unknown}
 A - a scroll of amnesia {unknown}
Potions
 a - a potion of invisibility {unknown}
 b - 2 potions of flight {unknown}
 e - 5 potions of curing {unknown}
 g - 3 potions of heal wounds
 k - 2 potions of cancellation {unknown}
 l - a potion of haste {unknown}
 o - a potion of berserk rage {unknown}


   Skills:
 + Level 6.0 Fighting
 + Level 1.0 Armour
 - Level 2.6 Dodging
 - Level 2.1 Stealth
 + Level 5.9 Unarmed Combat


You had 5 spell levels left.
You didn't know any spells.
Your spell library contained the following spells:

 Spells                   Type           Power      Damage    Failure   Level
 Blink                    Tloc           0%         N/A       96%         2
 Cigotuvi's Dreadful Rot  Necr/Pois/Air  0%         N/A       96%         2
 Momentum Strike          Conj/Tloc      0%         3d8       96%         2
 Poisonous Vapours        Pois/Air       0%         N/A       96%         2
 Lesser Beckoning         Tloc           0%         N/A       99%         3
 Mephitic Cloud           Conj/Pois/Air  0%         N/A       99%         3


Dungeon Overview and Level Annotations

Branches:
Dungeon (5/15)             Temple (1/1) D:4

Altars:
Cheibriados
Gozag
Hepliaklqana
Kikubaaqudgha
Makhleb
Qazlal
Ru
Wu Jian
Yredelemnul
Lugonu


Innate Abilities, Weirdness & Mutations

You are immune to poison.
You have sharp fingernails.
Your flesh is cold resistant. (rC+)
You are immune to negative energy. (rN+++)
You do not regenerate when monsters are visible.
You are immune to unholy pain and torment.
You thrive by killing the living.


Message History

No target in view!
No target in view!
No target in view!
You now have 232 gold pieces (gained 17).
You see here an adder corpse.
You open the door.
There is an open door here.
An ogre comes into view. It is wielding a +0 giant club.
The ogre shouts!
An ogre is nearby!
An ogre is nearby!
An ogre is nearby!
The ogre hits you with a +0 giant club!!
You completely miss the ogre. The ogre hits you with a +0 giant club!
You are too injured to fight recklessly!
You are too injured to fight recklessly!
You are too injured to fight recklessly!
You are too injured to fight recklessly!
You are too injured to fight recklessly!
You are too injured to fight recklessly!
You are too injured to fight recklessly!
You are too injured to fight recklessly!
You are too injured to fight recklessly!
You hit the ogre.
The ogre is moderately wounded.
You hit the ogre.
The ogre is moderately wounded.
The ogre hits you with a +0 giant club!
* * * LOW HITPOINT WARNING * * *
You punch the ogre!
The ogre is severely wounded.
Unknown command.
You hit the ogre.
The ogre is severely wounded.
The ogre hits you with a +0 giant club.
* * * LOW HITPOINT WARNING * * *
You hit the ogre.
The ogre is severely wounded.
The ogre hits you with a +0 giant club!!
You die...

.... #..# #..# ...
#..###..
........########## #..#
#............ #
#O.#.#............
##..###@.#.#............
........................
##..###..###.......†....
# #....#...##'##....
#..###..###...#...#....
..............#...#....
..............#...#....
..............#...#....
...#+###+######...#....


You could see an ogre.

Vanquished Creatures
  An ogre (D:5)
  A jelly (D:4)
  Jessica (D:2)
  Natasha (thrice) (D:2)
  An orc wizard (D:3)
  Robin (D:2)
  2 adders
  2 worms
  3 dart slugs
  9 orcs
  2 bats
  6 endoplasms
  12 goblins
  2 hobgoblins (D:2)
  4 jackals (D:4)
  9 kobolds
  5 quokkas
  7 ball pythons
  4 frilled lizards
  8 rats
83 creatures vanquished.

Notes
Turn   | Place    | Note
-------+----------+-------------------------------------------
     0 | D:1      | cforsyth the Ghoul Monk began the quest for the Orb.
     0 | D:1      | Reached XP level 1. HP: 19/19 MP: 0/0
   188 | D:1      | Reached XP level 2. HP: 24/26 MP: 1/1
   901 | D:2      | Reached skill level 4 in Fighting
   901 | D:2      | Reached XP level 3. HP: 26/33 MP: 2/2
   989 | D:2      | Noticed Robin
  1025 | D:2      | Killed Robin
  1132 | D:2      | Noticed Natasha
  1265 | D:2      | Killed Natasha
  1266 | D:2      | Reached XP level 4. HP: 40/41 MP: 3/3
  1447 | D:2      | Noticed Natasha
  1453 | D:2      | Killed Natasha
  1593 | D:2      | Noticed Jessica
  1599 | D:2      | Killed Jessica
  1600 | D:2      | Reached skill level 5 in Fighting
  1600 | D:2      | Reached XP level 5. HP: 38/48 MP: 4/4
  1651 | D:2      | Reached skill level 5 in Unarmed Combat
  1702 | D:2      | Found an opulent altar of Gozag.
  1911 | D:2      | Noticed Natasha
  1914 | D:2      | Killed Natasha
  2191 | D:3      | Found a burning altar of Makhleb.
  2428 | D:3      | Reached XP level 6. HP: 56/56 MP: 5/5
  2495 | D:3      | Found a faded altar of an unknown god.
  2570 | D:3      | You fall into a shaft and drop 2 floors!
  2570 | D:5      | Entered Level 5 of the Dungeon
  3478 | D:4      | Found a staircase to the Ecumenical Temple.
  3530 | Temple   | Entered the Ecumenical Temple
  3789 | D:5      | Reached skill level 1 in Armour
  4014 | D:5      | Reached skill level 6 in Fighting
  4044 | D:5      | Mangled by an ogre

Illustrated notes

Levels and vault maps discovered:
D:1:      ncdulo_wetmaze, layout_basic, serial_co_window_serial,
          co_window_paths_a, co_window_cross_1, co_window_paths_a,
          co_window_paths_a, co_window_paths_b, co_window_of_opportunity_b,
          co_window_broadway_a, co_window_broadway_c, co_window_4corner_a,
          co_window_4corner_b, glass_columns_a, glass_columns_b, glass_columns_a
D:2:      layout_loops_ring, basic_altar, chequers_serial_rivers_small_b,
          minmay_pentomino_z2, uniq_natasha, uniq_jessica, uniq_robin
D:3:      layout_basic, lemuel_crystal_altar,
          shapermc_ecumenical_altar_mp_vishouse
D:4:      layout_basic, minmay_temple_entry_gardened_gates, serial_bayou_pond_a
D:5:      layout_gridville, grunt_temple_overflow_open, gammafunk_ghost_grave,
          minmay_misc_feat_nine_boxes, hangedman_decor_push,
          minmay_increasing_density
Temple:   kb_corrupted_temple

Skill      XL: |  1  2  3  4  5  6 |
---------------+-------------------+-----
Fighting       | 4 5 6 |  6.0
Unarmed Combat | 4 5 |  5.9
Armour         | 1 |  1.0
Dodging        | |  2.6
Stealth        | |  2.1

Action                   |  1- 3 |  4- 6 || total
-------------------------+-------+-------++-------
Melee: Unarmed           |    81 |   166 ||   247
       Punch             |     2 |     6 ||     8
  Use: Potion            |     1 |     1 ||     2
       Scroll            |       |     2 ||     2
 Stab: Sleeping          |     4 |     6 ||    10
Armor: Robe              |     6 |    11 ||    17
       Scale mail        |       |    12 ||    12
Dodge: Dodged            |    42 |    62 ||   104
Block: Other             |       |    23 ||    23
       Reflection        |       |     2 ||     2

Table legend: (Time is in decaauts)
 A = Elapsed time spent in this place.
 B = Non-inter-level travel time spent in this place.
 C = Inter-level travel time spent in this place.
 D = Time resting spent in this place.
 E = Time spent auto-exploring this place.
 F = Levels seen in this place.
 G = Mean time per level.
                   A        B        C        D        E       F      G
               +--------+--------+--------+--------+--------+-----+--------+
         Total |   4033 |   3757 |    276 |    428 |   2669 |   6 |  672.2 |
       Dungeon |   3921 |   3666 |    255 |    428 |   2595 |   5 |  784.2 |
        Temple |    111 |     90 |     21 |      0 |     74 |   1 |  111.0 |
               +--------+--------+--------+--------+--------+-----+--------+

Top non-repeatable levels by time:
     D:2: 1226 daAuts
     D:1: 887 daAuts
     D:4: 782 daAuts
     D:3: 714 daAuts
     D:5: 310 daAuts
  Temple: 111 daAuts
